 Dungeon Crawl Stone Soup version 0.25-a0-366-g516bc45ae0 (webtiles) character file.

Game seed: 11235810233711171752, levelgen mode: deterministic

8820 Caramio the Gouger (level 11, 0/79 HPs)
             Began as a Felid Berserker on Jan 6, 2020.
             Was a High Priest of Trog.
             Slain by a hippogriff (3 damage)
             ... on level 3 of the Lair of Beasts.
             The game lasted 00:17:03 (16847 turns).

Caramio the Gouger (Felid Berserker)               Turns: 16847, Time: 00:17:04

Health: 0/79       AC:  2    Str: 18    XL:     11   Next: 14%
Magic:  12/12      EV: 30    Int: 10    God:    Trog [*****.]
Gold:   1068       SH:  0    Dex: 18    Spells: 10/10 levels left
                                        Lives:  0   Deaths: 3

rFire    . . .     SeeInvis +     - Unarmed
rCold    . . .     Gourm    .   (shield unavailable)
rNeg     . . .     Faith    .   (armour unavailable)
rPois    .         Spirit   .   (helmet unavailable)
rElec    .         Reflect  .   (cloak unavailable)
rCorr    .         Harm     .   (gloves unavailable)
MR       +....                  (boots unavailable)
Stlth    ..........             (no amulet)
HPRegen  0.23/turn              (no ring)
MPRegen  0.13/turn              (no ring)

@: berserking, very quick
A: very small, no armour, no weapons or thrown items, stealth, claws 1, fangs 3,
see invisible, carnivore, speed 1, shaggy fur 2, slow metabolism 1, sharp paws
a: Berserk, Trog's Hand, Brothers in Arms, Renounce Religion


You were on level 3 of the Lair of Beasts.
You worshipped Trog.
Trog was extremely pleased with you.
You were full.

You visited 2 branches of the dungeon, and saw 14 of its levels.
You also visited: Ossuary.

You collected 1068 gold pieces.


Innate Abilities, Weirdness & Mutations

You cannot wear armour.
You are incapable of wielding weapons or throwing items.
Your paws allow you to move quietly. (Stealth)
You have sharp claws.
You have razor-sharp teeth.
You have supernaturally acute eyesight. (SInv)
You are carnivorous and can eat meat at any time.
You cover ground quickly.
You are covered in thick fur. (AC +2)
You have a slow metabolism.
Your sharp claws are effective at attacking unaware monsters.


   Skills:
 - Level 9.1 Fighting
 - Level 13.0 Dodging
 + Level 14.4 Unarmed Combat


You had 10 spell levels left.
You didn't know any spells.
Your spell library was empty.

Inventory:

Jewellery
 d - an uncursed ring of ice
Wands
 f - a wand of clouds (5)
Scrolls
 e - 4 scrolls of remove curse
 i - 2 scrolls of identify
 k - 2 scrolls of teleportation
Potions
 b - a potion of haste
 c - 2 potions of might
 g - 3 potions of mutation
 h - a potion of agility
 j - 9 potions of curing
 n - a potion of resistance
Comestibles
 a - 24 rations

Dungeon Overview and Level Annotations

Branches:
Dungeon (11/15)            Temple (0/1) D:6            Lair (3/6) D:10
 Spider (0/4) Lair:2          Orc (0/2) D:9         Ossuary (visited)
  Swamp: Lair:2-4    Shoals: Lair:2-4

Altars:
Fedhas
Gozag
Kikubaaqudgha
Nemelex Xobeh
Qazlal
Uskayaw

Shops:
D:11 =

Annotations:
D:4 Grinder


Message History

The rime drake bites you. The hippogriff bites you.
The hippogriff completely misses you. The hippogriff claws you.
The yak misses you. The yak closely misses you.
You claw the yak!
You feel the power of Trog in you as your rage grows.
You kill the yak!
Trog accepts your kill. The rime drake completely misses you.
You scratch the yak.
The yak is lightly wounded.
The hippogriff completely misses you. x3; The yak gores you!
The rime drake barely misses you.
You mangle the yak!! You claw the yak!
The yak is almost dead.
The yak completely misses you.
You claw the yak!
You kill the yak!
Trog accepts your kill.
The hippogriff completely misses you. x2; The hippogriff claws you.
You die...

#.. ... .k .##
#.## #### ##..#
#..#
#Y..###..######
##Y............#
#@kY..........##
##%H...........#
#.............##
#........>...##
###.........##
####......##...#
#.#...#####
#P#... ##...##
## . #.....#


You could see a hippogriff, 3 yaks and a rime drake.

Vanquished Creatures
  Fannar (Lair:1)
  Harold (D:9)
  A two-headed ogre (D:9)
  Pikel (D:7)
  A centaur zombie (D:10)
  A black mamba (Lair:1)
  2 spiny frogs
  2 gargoyles
  2 komodo dragons (Lair:2)
  8 jumping spiders (Lair:2)
  A troll (D:9)
  Prince Ribbit (D:5)
  3 hippogriffs
  2 wyverns
  A redback (Lair:2)
  Sigmund (D:2)
  6 yaks
  A hungry ghost (D:8)
  2 wargs (D:10)
  Menkaure (D:4)
  5 water moccasins
  Duvessa (D:6)
  4 porcupines
  2 orc warriors
  2 ice beasts
  A black bear (D:9)
  A sky beast (D:7)
  4 slaves (D:7)
  8 ogres
  3 necrophages
  2 centaurs
  3 crocodiles
  2 big kobolds
  Blork the orc (D:5)
  11 bullfrogs
  Dowan (D:6)
  3 scorpions
  A water moccasin skeleton (D:6)
  12 killer bees
  2 howler monkeys (D:6)
  A vampire bat (D:4)
  A hound (D:9)
  3 jellies
  2 bullfrog zombies
  Crazy Yiuf (D:2)
  5 orc priests
  A bullfrog skeleton (D:9)
  2 iguanas
  Ijyb (D:4)
  7 orc wizards
  9 worker ants
  3 hound skeletons
  8 mummies (Ossuary)
  A worker ant zombie (D:9)
  Robin (D:4)
  A howler monkey zombie (D:9)
  6 adders
  4 gnolls (D:3)
  3 shadow imps
  2 oozes (D:2)
  4 adder skeletons
  An adder zombie (D:9)
  A worm (D:2)
  2 leopard geckos
  27 orcs
  6 bat skeletons (D:4)
  A bat zombie (D:4)
  4 giant cockroaches
  3 gnoll zombies (Ossuary)
  18 goblins
  10 hobgoblins
  4 jackals
  5 quokkas
  3 ball pythons (D:2)
  7 bats
  8 frilled lizards
  19 kobolds
  4 kobold zombies (Ossuary)
  A leopard gecko skeleton (D:4)
  An orc zombie (Ossuary)
  A quokka zombie (D:6)
  6 rats
306 creatures vanquished.

Vanquished Creatures (collateral kills)
  An orc warrior (D:9)
  2 killer bees (D:9)
  An orc priest (D:10)
  An orc wizard (D:10)
  5 orcs
10 creatures vanquished.

Vanquished Creatures (others)
  A fungus (Lair:1)
1 creature vanquished.

Grand Total: 317 creatures vanquished

Notes
Turn   | Place    | Note
-------+----------+-------------------------------------------
     0 | D:1      | Caramio the Felid Berserker began the quest for the Orb.
     0 | D:1      | Reached XP level 1. HP: 10/10 MP: 2/2
     0 | D:1      | 0 ||| counter = 15
    49 | D:1      | 49 ||| Stepping ~*~*~tactically~*~*~ (stealth).
   160 | D:1      | 160 ||| INVOKING Berserk.
   210 | D:1      | 210 ||| Stepping ~*~*~tactically~*~*~ (stealth).
   217 | D:1      | 217 ||| Stepping ~*~*~tactically~*~*~ (stealth).
   227 | D:1      | 227 ||| Stepping ~*~*~tactically~*~*~ (stealth).
   228 | D:1      | 228 ||| Stepping ~*~*~tactically~*~*~ (stealth).
   233 | D:1      | 233 ||| INVOKING Berserk.
   237 | D:1      | Reached XP level 2. HP: 10/14 MP: 3/3
   460 | D:1      | 460 ||| Stepping ~*~*~tactically~*~*~ (stealth).
   463 | D:1      | 463 ||| Stepping ~*~*~tactically~*~*~ (stealth).
   465 | D:1      | 465 ||| Stepping ~*~*~tactically~*~*~ (stealth).
   470 | D:1      | 470 ||| Stepping ~*~*~tactically~*~*~ (stealth).
   477 | D:1      | 477 ||| Stepping ~*~*~tactically~*~*~ (stealth).
   478 | D:1      | 478 ||| Stepping ~*~*~tactically~*~*~ (stealth).
   479 | D:1      | 479 ||| Stepping ~*~*~tactically~*~*~ (stealth).
   480 | D:1      | 480 ||| Stepping ~*~*~tactically~*~*~ (stealth).
   481 | D:1      | 481 ||| Stepping ~*~*~tactically~*~*~ (stealth).
   482 | D:1      | 482 ||| Stepping ~*~*~tactically~*~*~ (stealth).
   483 | D:1      | 483 ||| Stepping ~*~*~tactically~*~*~ (stealth).
   484 | D:1      | 484 ||| Stepping ~*~*~tactically~*~*~ (stealth).
   485 | D:1      | 485 ||| Stepping ~*~*~tactically~*~*~ (stealth).
   486 | D:1      | 486 ||| Stepping ~*~*~tactically~*~*~ (stealth).
   490 | D:1      | 490 ||| Stepping ~*~*~tactically~*~*~ (stealth).
   493 | D:1      | 493 ||| Stepping ~*~*~tactically~*~*~ (stealth).
   495 | D:1      | 495 ||| Stepping ~*~*~tactically~*~*~ (hiding).
   496 | D:1      | 496 ||| Stepping ~*~*~tactically~*~*~ (hiding).
   503 | D:1      | 503 ||| Stepping ~*~*~tactically~*~*~ (stealth).
   504 | D:1      | 504 ||| Stepping ~*~*~tactically~*~*~ (stealth).
   554 | D:1      | 554 ||| Stepping ~*~*~tactically~*~*~ (stealth).
   558 | D:1      | 558 ||| Stepping ~*~*~tactically~*~*~ (stealth).
   560 | D:1      | 560 ||| Stepping ~*~*~tactically~*~*~ (stealth).
   726 | D:1      | 726 ||| Stepping ~*~*~tactically~*~*~ (stealth).
   728 | D:1      | 728 ||| Stepping ~*~*~tactically~*~*~ (stealth).
   730 | D:1      | 730 ||| Stepping ~*~*~tactically~*~*~ (stealth).
   732 | D:1      | 732 ||| Stepping ~*~*~tactically~*~*~ (stealth).
   734 | D:1      | 734 ||| Stepping ~*~*~tactically~*~*~ (stealth).
   740 | D:1      | 740 ||| Stepping ~*~*~tactically~*~*~ (stealth).
   779 | D:1      | 779 ||| Stepping ~*~*~tactically~*~*~ (stealth).
   781 | D:1      | 781 ||| Stepping ~*~*~tactically~*~*~ (stealth).
   863 | D:1      | Reached skill level 4 in Unarmed Combat
   865 | D:1      | 865 ||| Stepping ~*~*~tactically~*~*~ (stealth).
   868 | D:1      | 868 ||| Stepping ~*~*~tactically~*~*~ (stealth).
   870 | D:1      | 870 ||| Stepping ~*~*~tactically~*~*~ (stealth).
   871 | D:1      | 871 ||| Stepping ~*~*~tactically~*~*~ (stealth).
   877 | D:1      | 877 ||| Stepping ~*~*~tactically~*~*~ (stealth).
   895 | D:1      | 895 ||| Stepping ~*~*~tactically~*~*~ (stealth).
   896 | D:1      | 896 ||| Stepping ~*~*~tactically~*~*~ (stealth).
   922 | D:1      | 922 ||| Stepping ~*~*~tactically~*~*~ (stealth).
   923 | D:1      | 923 ||| Stepping ~*~*~tactically~*~*~ (stealth).
   932 | D:1      | 932 ||| Stepping ~*~*~tactically~*~*~ (stealth).
   946 | D:1      | 946 ||| Stepping ~*~*~tactically~*~*~ (stealth).
   950 | D:1      | 950 ||| Stepping ~*~*~tactically~*~*~ (stealth).
   952 | D:1      | 952 ||| Stepping ~*~*~tactically~*~*~ (stealth).
   955 | D:1      | 955 ||| Stepping ~*~*~tactically~*~*~ (stealth).
   957 | D:1      | 957 ||| Stepping ~*~*~tactically~*~*~ (stealth).
   958 | D:1      | 958 ||| Stepping ~*~*~tactically~*~*~ (stealth).
   959 | D:1      | 959 ||| Stepping ~*~*~tactically~*~*~ (stealth).
   960 | D:1      | 960 ||| Stepping ~*~*~tactically~*~*~ (stealth).
   961 | D:1      | 961 ||| Stepping ~*~*~tactically~*~*~ (stealth).
   964 | D:1      | 964 ||| Stepping ~*~*~tactically~*~*~ (stealth).
   966 | D:1      | 966 ||| Stepping ~*~*~tactically~*~*~ (stealth).
  1041 | D:1      | 1041 ||| Stepping ~*~*~tactically~*~*~ (stealth).
  1074 | D:1      | 1074 ||| READING scroll labeled WEOPYD ALAXKO.
  1077 | D:1      | 1077 ||| READING scroll labeled KEBLER NI SUY.
  1078 | D:1      | 1078 ||| READING scroll labeled SYVUIDUERYA.
  1109 | D:2      | Noticed Sigmund
  1110 | D:2      | 1110 ||| STAIRDANCE
  1112 | D:1      | 1112 ||| INVOKING Berserk.
  1113 | D:1      | HP: 5/21 [poisoned by an adder]
  1116 | D:1      | Reached XP level 3. HP: 6/17 MP: 4/4
  1118 | D:1      | HP: 5/25 [poisoned by an adder]
  1122 | D:1      | HP: 2/17 [poisoned by an adder]
  1127 | D:1      | HP: 1/17 [poisoned by an adder]
  1439 | D:2      | 1439 ||| INVOKING Berserk.
  1444 | D:2      | Killed Sigmund
  1444 | D:2      | Reached skill level 6 in Unarmed Combat
  1444 | D:2      | Reached XP level 4. HP: 21/21 MP: 5/5
  1444 | D:2      | Reached XP level 5. HP: 24/24 MP: 6/6
  1490 | D:2      | 1490 ||| Stepping ~*~*~tactically~*~*~ (stealth).
  1493 | D:2      | 1493 ||| Stepping ~*~*~tactically~*~*~ (stealth).
  1591 | D:2      | Found a runed translucent door.
  1592 | D:2      | Noticed Crazy Yiuf
  1681 | D:2      | 1681 ||| Stepping ~*~*~tactically~*~*~ (stealth).
  1689 | D:2      | 1689 ||| Stepping ~*~*~tactically~*~*~ (stealth).
  1700 | D:2      | 1700 ||| Stepping ~*~*~tactically~*~*~ (stealth).
  1726 | D:2      | 1726 ||| Stepping ~*~*~tactically~*~*~ (stealth).
  1728 | D:2      | 1728 ||| Stepping ~*~*~tactically~*~*~ (stealth).
  1736 | D:2      | Reached ** piety under Trog
  1743 | D:2      | 1743 ||| Stepping ~*~*~tactically~*~*~ (stealth).
  1747 | D:2      | 1747 ||| Stepping ~*~*~tactically~*~*~ (stealth).
  1749 | D:2      | 1749 ||| Stepping ~*~*~tactically~*~*~ (stealth).
  1750 | D:2      | 1750 ||| Stepping ~*~*~tactically~*~*~ (stealth).
  1751 | D:2      | 1751 ||| Stepping ~*~*~tactically~*~*~ (stealth).
  1763 | D:2      | 1763 ||| FLEEEEING.
  1764 | D:2      | 1764 ||| STILL FLEEEEING.
  1765 | D:2      | 1765 ||| STILL FLEEEEING.
  1766 | D:2      | 1766 ||| STILL FLEEEEING.
  1767 | D:2      | 1767 ||| STILL FLEEEEING.
  1768 | D:2      | 1768 ||| FLEEEEING.
  1769 | D:2      | 1769 ||| FLEEEEING.
  1770 | D:2      | 1770 ||| FLEEEEING.
  1771 | D:2      | 1771 ||| FLEEEEING.
  1772 | D:2      | 1772 ||| STILL FLEEEEING.
  1773 | D:2      | 1773 ||| STILL FLEEEEING.
  1774 | D:2      | 1774 ||| STILL FLEEEEING.
  1775 | D:2      | 1775 ||| STILL FLEEEEING.
  1776 | D:2      | 1776 ||| STILL FLEEEEING.
  1777 | D:2      | 1777 ||| STILL FLEEEEING.
  1839 | D:2      | 1839 ||| Stepping ~*~*~tactically~*~*~ (stealth).
  1841 | D:2      | 1841 ||| Stepping ~*~*~tactically~*~*~ (stealth).
  1843 | D:2      | 1843 ||| Stepping ~*~*~tactically~*~*~ (stealth).
  1845 | D:2      | 1845 ||| Stepping ~*~*~tactically~*~*~ (stealth).
  1887 | D:2      | 1887 ||| Stepping ~*~*~tactically~*~*~ (stealth).
  1889 | D:2      | 1889 ||| Stepping ~*~*~tactically~*~*~ (stealth).
  1891 | D:2      | 1891 ||| Stepping ~*~*~tactically~*~*~ (stealth).
  1893 | D:2      | 1893 ||| Stepping ~*~*~tactically~*~*~ (stealth).
  1914 | D:2      | 1914 ||| Stepping ~*~*~tactically~*~*~ (stealth).
  1916 | D:2      | 1916 ||| Stepping ~*~*~tactically~*~*~ (stealth).
  1918 | D:2      | 1918 ||| Stepping ~*~*~tactically~*~*~ (stealth).
  1920 | D:2      | 1920 ||| Stepping ~*~*~tactically~*~*~ (stealth).
  1922 | D:2      | 1922 ||| Stepping ~*~*~tactically~*~*~ (stealth).
  1924 | D:2      | 1924 ||| Stepping ~*~*~tactically~*~*~ (stealth).
  1926 | D:2      | 1926 ||| Stepping ~*~*~tactically~*~*~ (stealth).
  1972 | D:2      | 1972 ||| Stepping ~*~*~tactically~*~*~ (stealth).
  1973 | D:2      | 1973 ||| Stepping ~*~*~tactically~*~*~ (stealth).
  1974 | D:2      | 1974 ||| Stepping ~*~*~tactically~*~*~ (stealth).
  1976 | D:2      | 1976 ||| Stepping ~*~*~tactically~*~*~ (stealth).
  1977 | D:2      | 1977 ||| Stepping ~*~*~tactically~*~*~ (stealth).
  1979 | D:2      | 1979 ||| Stepping ~*~*~tactically~*~*~ (stealth).
  1981 | D:2      | 1981 ||| Stepping ~*~*~tactically~*~*~ (stealth).
  1983 | D:2      | 1983 ||| FLEEEEING.
  1984 | D:2      | 1984 ||| FLEEEEING.
  1985 | D:2      | 1985 ||| FLEEEEING.
  1986 | D:2      | 1986 ||| STILL FLEEEEING.
  1987 | D:2      | 1987 ||| FLEEEEING.
  1988 | D:2      | 1988 ||| FLEEEEING.
  1989 | D:2      | 1989 ||| FLEEEEING.
  1990 | D:2      | 1990 ||| FLEEEEING.
  1991 | D:2      | 1991 ||| FLEEEEING.
  1992 | D:2      | 1992 ||| FLEEEEING.
  1993 | D:2      | 1993 ||| FLEEEEING.
  1994 | D:2      | 1994 ||| FLEEEEING.
  1995 | D:2      | 1995 ||| STILL FLEEEEING.
  1996 | D:2      | 1996 ||| STILL FLEEEEING.
  1997 | D:2      | 1997 ||| STILL FLEEEEING.
  1998 | D:2      | 1998 ||| STILL FLEEEEING.
  1999 | D:2      | 1999 ||| STILL FLEEEEING.
  2000 | D:2      | 2000 ||| STILL FLEEEEING.
  2001 | D:2      | 2001 ||| STILL FLEEEEING.
  2002 | D:2      | 2002 ||| STILL FLEEEEING.
  2003 | D:2      | 2003 ||| STILL FLEEEEING.
  2115 | D:2      | 2115 ||| Stepping ~*~*~tactically~*~*~ (stealth).
  2132 | D:2      | 2132 ||| Stepping ~*~*~tactically~*~*~ (stealth).
  2135 | D:2      | 2135 ||| Stepping ~*~*~tactically~*~*~ (stealth).
  2138 | D:2      | 2138 ||| Stepping ~*~*~tactically~*~*~ (stealth).
  2187 | D:2      | 2187 ||| Stepping ~*~*~tactically~*~*~ (stealth).
  2189 | D:2      | 2189 ||| Stepping ~*~*~tactically~*~*~ (stealth).
  2191 | D:2      | 2191 ||| Stepping ~*~*~tactically~*~*~ (stealth).
  2194 | D:2      | 2194 ||| Stepping ~*~*~tactically~*~*~ (stealth).
  2338 | D:2      | 2338 ||| Stepping ~*~*~tactically~*~*~ (stealth).
  2340 | D:2      | 2340 ||| Stepping ~*~*~tactically~*~*~ (stealth).
  2342 | D:2      | 2342 ||| READING 3 scrolls labeled FUNKAB ESAE.
  2343 | D:2      | 2343 ||| READING scroll labeled NUZAUM ZUGH.
  2344 | D:2      | 2344 ||| INVOKING Berserk.
  2349 | D:2      | 2349 ||| FLEEEEING.
  2350 | D:2      | 2350 ||| STILL FLEEEEING.
  2351 | D:2      | 2351 ||| STILL FLEEEEING.
  2352 | D:2      | 2352 ||| STILL FLEEEEING.
  2353 | D:2      | 2353 ||| STILL FLEEEEING.
  2354 | D:2      | 2354 ||| STILL FLEEEEING.
  2355 | D:2      | 2355 ||| STILL FLEEEEING.
  2356 | D:2      | 2356 ||| STILL FLEEEEING.
  2357 | D:2      | 2357 ||| STILL FLEEEEING.
  2358 | D:2      | 2358 ||| STILL FLEEEEING.
  2401 | D:2      | 2401 ||| INVOKING Berserk.
  2405 | D:2      | Killed Crazy Yiuf
  2555 | D:2      | 2555 ||| DRINKING 2 purple potions.
  2556 | D:2      | 2556 ||| READING 2 scrolls of identify.
  2556 | D:2      | 2556 ||| IDENTIFYING shiny coral ring
  2557 | D:2      | 2557 ||| DROPPING +3 ring of intelligence.
  2558 | D:2      | 2558 ||| DROPPING potion of brilliance.
  2759 | D:3      | 2759 ||| Stepping ~*~*~tactically~*~*~ (stealth).
  2761 | D:3      | 2761 ||| Stepping ~*~*~tactically~*~*~ (stealth).
  2763 | D:3      | 2763 ||| Stepping ~*~*~tactically~*~*~ (stealth).
  2769 | D:3      | 2769 ||| FLEEEEING.
  2770 | D:3      | 2770 ||| FLEEEEING.
  2771 | D:3      | 2771 ||| FLEEEEING.
  2772 | D:3      | 2772 ||| FLEEEEING.
  2773 | D:3      | 2773 ||| STILL FLEEEEING.
  2774 | D:3      | 2774 ||| FLEEEEING.
  2775 | D:3      | 2775 ||| FLEEEEING.
  2776 | D:3      | 2776 ||| FLEEEEING.
  2777 | D:3      | 2777 ||| FLEEEEING.
  2778 | D:3      | 2778 ||| FLEEEEING.
  2779 | D:3      | 2779 ||| FLEEEEING.
  2785 | D:3      | 2785 ||| FLEEEEING.
  2786 | D:3      | 2786 ||| FLEEEEING.
  2787 | D:3      | 2787 ||| FLEEEEING.
  2788 | D:3      | 2788 ||| FLEEEEING.
  2789 | D:3      | 2789 ||| FLEEEEING.
  2790 | D:3      | 2790 ||| FLEEEEING.
  2791 | D:3      | 2791 ||| FLEEEEING.
  2792 | D:3      | 2792 ||| FLEEEEING.
  2793 | D:3      | 2793 ||| FLEEEEING.
  2846 | D:3      | 2846 ||| Stepping ~*~*~tactically~*~*~ (stealth).
  2849 | D:3      | 2849 ||| Stepping ~*~*~tactically~*~*~ (stealth).
  2851 | D:3      | 2851 ||| Stepping ~*~*~tactically~*~*~ (stealth).
  2860 | D:3      | 2860 ||| FLEEEEING.
  2861 | D:3      | 2861 ||| FLEEEEING.
  2862 | D:3      | 2862 ||| FLEEEEING.
  2863 | D:3      | 2863 ||| FLEEEEING.
  2864 | D:3      | 2864 ||| FLEEEEING.
  2865 | D:3      | 2865 ||| FLEEEEING.
  2866 | D:3      | 2866 ||| STILL FLEEEEING.
  2867 | D:3      | 2867 ||| FLEEEEING.
  2868 | D:3      | 2868 ||| FLEEEEING.
  2869 | D:3      | 2869 ||| FLEEEEING.
  2870 | D:3      | 2870 ||| FLEEEEING.
  2871 | D:3      | 2871 ||| FLEEEEING.
  2872 | D:3      | 2872 ||| FLEEEEING.
  2873 | D:3      | 2873 ||| STILL FLEEEEING.
  2874 | D:3      | 2874 ||| STILL FLEEEEING.
  2875 | D:3      | 2875 ||| FLEEEEING.
  2876 | D:3      | 2876 ||| FLEEEEING.
  2877 | D:3      | 2877 ||| FLEEEEING.
  2878 | D:3      | 2878 ||| FLEEEEING.
  2879 | D:3      | 2879 ||| FLEEEEING.
  2880 | D:3      | 2880 ||| FLEEEEING.
  2881 | D:3      | 2881 ||| STILL FLEEEEING.
  2882 | D:3      | 2882 ||| STILL FLEEEEING.
  2883 | D:3      | 2883 ||| STILL FLEEEEING.
  2884 | D:3      | 2884 ||| STILL FLEEEEING.
  2885 | D:3      | 2885 ||| FLEEEEING.
  2886 | D:3      | 2886 ||| FLEEEEING.
  2887 | D:3      | 2887 ||| FLEEEEING.
  2888 | D:3      | 2888 ||| STILL FLEEEEING.
  2889 | D:3      | 2889 ||| STILL FLEEEEING.
  2890 | D:3      | 2890 ||| STILL FLEEEEING.
  2891 | D:3      | 2891 ||| STILL FLEEEEING.
  2892 | D:3      | 2892 ||| STILL FLEEEEING.
  2893 | D:3      | 2893 ||| STILL FLEEEEING.
  2894 | D:3      | 2894 ||| STILL FLEEEEING.
  2930 | D:3      | 2930 ||| Stepping ~*~*~tactically~*~*~ (stealth).
  2933 | D:3      | 2933 ||| Stepping ~*~*~tactically~*~*~ (stealth).
  2943 | D:3      | 2943 ||| Stepping ~*~*~tactically~*~*~ (stealth).
  2950 | D:3      | 2950 ||| Stepping ~*~*~tactically~*~*~ (stealth).
  3032 | D:3      | 3032 ||| Stepping ~*~*~tactically~*~*~ (stealth).
  3034 | D:3      | 3034 ||| Stepping ~*~*~tactically~*~*~ (stealth).
  3046 | D:3      | 3046 ||| Stepping ~*~*~tactically~*~*~ (stealth).
  3048 | D:3      | 3048 ||| Stepping ~*~*~tactically~*~*~ (hiding).
  3049 | D:3      | 3049 ||| Waiting for ranged monster.
  3050 | D:3      | 3050 ||| Waiting for ranged monster.
  3059 | D:3      | Gained mutation: You are covered in thick fur. (AC +2)
                  | [Felid growth]
  3059 | D:3      | Reached XP level 6. HP: 24/28 MP: 7/7
  3136 | D:3      | 3136 ||| Stepping ~*~*~tactically~*~*~ (stealth).
  3147 | D:3      | 3147 ||| Stepping ~*~*~tactically~*~*~ (stealth).
  3150 | D:3      | 3150 ||| Stepping ~*~*~tactically~*~*~ (stealth).
  3152 | D:3      | 3152 ||| Stepping ~*~*~tactically~*~*~ (hiding).
  3153 | D:3      | 3153 ||| Waiting for ranged monster.
  3154 | D:3      | 3154 ||| Waiting for ranged monster.
  3158 | D:3      | 3158 ||| INVOKING Berserk.
  3164 | D:3      | 3164 ||| READING scroll of teleportation.
  3684 | D:3      | 3684 ||| Stepping ~*~*~tactically~*~*~ (stealth).
  3722 | D:3      | 3722 ||| Stepping ~*~*~tactically~*~*~ (stealth).
  3724 | D:3      | 3724 ||| Stepping ~*~*~tactically~*~*~ (stealth).
  3737 | D:3      | 3737 ||| Stepping ~*~*~tactically~*~*~ (stealth).
  3738 | D:3      | 3738 ||| Stepping ~*~*~tactically~*~*~ (stealth).
  3782 | D:3      | 3782 ||| READING scroll labeled QEKIRCHO JUWK.
  3783 | D:3      | 3783 ||| READING 2 scrolls of identify.
  3783 | D:3      | 3783 ||| IDENTIFYING coppery potion
  3784 | D:3      | 3784 ||| DROPPING potion of flight.
  3844 | D:4      | 3844 ||| Stepping ~*~*~tactically~*~*~ (stealth).
  3847 | D:4      | 3847 ||| Stepping ~*~*~tactically~*~*~ (stealth).
  3849 | D:4      | 3849 ||| Stepping ~*~*~tactically~*~*~ (stealth).
  3851 | D:4      | 3851 ||| Stepping ~*~*~tactically~*~*~ (hiding).
  3852 | D:4      | 3852 ||| Stepping ~*~*~tactically~*~*~ (hiding).
  3854 | D:4      | 3854 ||| Stepping ~*~*~tactically~*~*~ (hiding).
  3855 | D:4      | 3855 ||| Stepping ~*~*~tactically~*~*~ (hiding).
  3858 | D:4      | 3858 ||| INVOKING Berserk.
  3917 | D:4      | Noticed Menkaure
  3918 | D:4      | 3918 ||| INVOKING Berserk.
  3922 | D:4      | Killed Menkaure
  3922 | D:4      | Reached skill level 7 in Unarmed Combat
  4191 | D:4      | 4191 ||| Stepping ~*~*~tactically~*~*~ (stealth).
  4197 | D:4      | 4197 ||| Stepping ~*~*~tactically~*~*~ (stealth).
  4199 | D:4      | 4199 ||| Stepping ~*~*~tactically~*~*~ (stealth).
  4201 | D:4      | 4201 ||| Stepping ~*~*~tactically~*~*~ (stealth).
  4203 | D:4      | 4203 ||| Stepping ~*~*~tactically~*~*~ (stealth).
  4205 | D:4      | 4205 ||| Stepping ~*~*~tactically~*~*~ (stealth).
  4207 | D:4      | 4207 ||| Stepping ~*~*~tactically~*~*~ (stealth).
  4209 | D:4      | 4209 ||| Stepping ~*~*~tactically~*~*~ (stealth).
  4211 | D:4      | 4211 ||| Stepping ~*~*~tactically~*~*~ (stealth).
  4220 | D:4      | Found an ancient bone altar of Kikubaaqudgha.
  4224 | D:4      | Reached XP level 7. HP: 30/31 MP: 8/8
  4295 | D:4      | 4295 ||| Stepping ~*~*~tactically~*~*~ (stealth).
  4300 | D:4      | 4300 ||| Stepping ~*~*~tactically~*~*~ (stealth).
  4303 | D:4      | 4303 ||| Stepping ~*~*~tactically~*~*~ (stealth).
  4304 | D:4      | 4304 ||| Stepping ~*~*~tactically~*~*~ (stealth).
  4312 | D:4      | 4312 ||| Stepping ~*~*~tactically~*~*~ (stealth).
  4360 | D:4      | Reached skill level 6 in Dodging
  4373 | D:4      | 4373 ||| Stepping ~*~*~tactically~*~*~ (stealth).
  4377 | D:4      | 4377 ||| Stepping ~*~*~tactically~*~*~ (stealth).
  4378 | D:4      | 4378 ||| Stepping ~*~*~tactically~*~*~ (stealth).
  4380 | D:4      | 4380 ||| Stepping ~*~*~tactically~*~*~ (stealth).
  4388 | D:4      | 4388 ||| Stepping ~*~*~tactically~*~*~ (stealth).
  4439 | D:4      | 4439 ||| Stepping ~*~*~tactically~*~*~ (stealth).
  4440 | D:4      | Noticed Robin
  4441 | D:4      | 4441 ||| Stepping ~*~*~tactically~*~*~ (stealth).
  4462 | D:4      | Reached *** piety under Trog
  4479 | D:4      | 4479 ||| Stepping ~*~*~tactically~*~*~ (hiding).
  4480 | D:4      | 4480 ||| Waiting for ranged monster.
  4486 | D:4      | Killed Robin
  4488 | D:4      | 4488 ||| FLEEEEING.
  4489 | D:4      | 4489 ||| FLEEEEING.
  4490 | D:4      | 4490 ||| FLEEEEING.
  4491 | D:4      | 4491 ||| FLEEEEING.
  4492 | D:4      | 4492 ||| FLEEEEING.
  4493 | D:4      | 4493 ||| FLEEEEING.
  4494 | D:4      | 4494 ||| FLEEEEING.
  4495 | D:4      | 4495 ||| FLEEEEING.
  4715 | D:4      | Noticed Ijyb
  4722 | D:4      | Killed Ijyb
  4800 | D:4      | 4800 ||| Stepping ~*~*~tactically~*~*~ (stealth).
  4802 | D:4      | 4802 ||| Stepping ~*~*~tactically~*~*~ (stealth).
  4826 | D:4      | Noticed Grinder
  4843 | D:4      | 4843 ||| FLEEEEING.
  4844 | D:4      | 4844 ||| STILL FLEEEEING.
  4845 | D:4      | 4845 ||| STILL FLEEEEING.
  4846 | D:4      | 4846 ||| STILL FLEEEEING.
  4847 | D:4      | 4847 ||| STILL FLEEEEING.
  4848 | D:4      | 4848 ||| STILL FLEEEEING.
  4849 | D:4      | 4849 ||| STILL FLEEEEING.
  4850 | D:4      | 4850 ||| STILL FLEEEEING.
  4851 | D:4      | 4851 ||| STILL FLEEEEING.
  4852 | D:4      | 4852 ||| STILL FLEEEEING.
  4856 | D:4      | 4856 ||| FLEEEEING.
  4857 | D:4      | 4857 ||| FLEEEEING.
  4858 | D:4      | 4858 ||| STILL FLEEEEING.
  4859 | D:4      | 4859 ||| STILL FLEEEEING.
  4860 | D:4      | 4860 ||| FLEEEEING.
  4861 | D:4      | 4861 ||| FLEEEEING.
  4862 | D:4      | 4862 ||| FLEEEEING.
  4863 | D:4      | 4863 ||| STILL FLEEEEING.
  4864 | D:4      | 4864 ||| STILL FLEEEEING.
  4865 | D:4      | 4865 ||| STILL FLEEEEING.
  4866 | D:4      | 4866 ||| STILL FLEEEEING.
  4867 | D:4      | 4867 ||| STILL FLEEEEING.
  4868 | D:4      | 4868 ||| STILL FLEEEEING.
  4869 | D:4      | 4869 ||| STILL FLEEEEING.
  4870 | D:4      | 4870 ||| STILL FLEEEEING.
  4871 | D:4      | 4871 ||| STILL FLEEEEING.
  4940 | D:4      | 4940 ||| READING scroll labeled KUEBRE JI HEG.
  4941 | D:4      | 4941 ||| DRINKING 2 lumpy purple potions.
  4961 | D:5      | Entered Level 5 of the Dungeon
  5017 | D:5      | 5017 ||| INVOKING Berserk.
  5020 | D:5      | Reached skill level 8 in Unarmed Combat
  5266 | D:5      | 5266 ||| Stepping ~*~*~tactically~*~*~ (stealth).
  5268 | D:5      | 5268 ||| Stepping ~*~*~tactically~*~*~ (stealth).
  5270 | D:5      | 5270 ||| Stepping ~*~*~tactically~*~*~ (stealth).
  5272 | D:5      | 5272 ||| Stepping ~*~*~tactically~*~*~ (stealth).
  5274 | D:5      | 5274 ||| Stepping ~*~*~tactically~*~*~ (stealth).
  5361 | D:5      | 5361 ||| Stepping ~*~*~tactically~*~*~ (stealth).
  5363 | D:5      | 5363 ||| Stepping ~*~*~tactically~*~*~ (stealth).
  5365 | D:5      | 5365 ||| Stepping ~*~*~tactically~*~*~ (stealth).
  5371 | D:5      | 5371 ||| Stepping ~*~*~tactically~*~*~ (stealth).
  5390 | D:5      | 5390 ||| Stepping ~*~*~tactically~*~*~ (stealth).
  5392 | D:5      | 5392 ||| Stepping ~*~*~tactically~*~*~ (stealth).
  5394 | D:5      | 5394 ||| Stepping ~*~*~tactically~*~*~ (stealth).
  5396 | D:5      | 5396 ||| Stepping ~*~*~tactically~*~*~ (stealth).
  5400 | D:5      | 5400 ||| Stepping ~*~*~tactically~*~*~ (stealth).
  5466 | D:5      | Noticed Prince Ribbit
  5467 | D:5      | 5467 ||| Stepping ~*~*~tactically~*~*~ (stealth).
  5470 | D:5      | 5470 ||| INVOKING Berserk.
  5475 | D:5      | Killed Prince Ribbit
  5475 | D:5      | Reached XP level 8. HP: 36/36 MP: 9/9
  5526 | D:5      | 5526 ||| Stepping ~*~*~tactically~*~*~ (stealth).
  5528 | D:5      | 5528 ||| Stepping ~*~*~tactically~*~*~ (stealth).
  5530 | D:5      | 5530 ||| Stepping ~*~*~tactically~*~*~ (stealth).
  5609 | D:5      | 5609 ||| Stepping ~*~*~tactically~*~*~ (stealth).
  5611 | D:5      | 5611 ||| Stepping ~*~*~tactically~*~*~ (stealth).
  5613 | D:5      | 5613 ||| Stepping ~*~*~tactically~*~*~ (stealth).
  5622 | D:5      | 5622 ||| Stepping ~*~*~tactically~*~*~ (stealth).
  5624 | D:5      | 5624 ||| Stepping ~*~*~tactically~*~*~ (stealth).
  5626 | D:5      | 5626 ||| Stepping ~*~*~tactically~*~*~ (stealth).
  5628 | D:5      | 5628 ||| Stepping ~*~*~tactically~*~*~ (stealth).
  5630 | D:5      | 5630 ||| Stepping ~*~*~tactically~*~*~ (stealth).
  5632 | D:5      | 5632 ||| Stepping ~*~*~tactically~*~*~ (stealth).
  5634 | D:5      | 5634 ||| Stepping ~*~*~tactically~*~*~ (stealth).
  5636 | D:5      | 5636 ||| Stepping ~*~*~tactically~*~*~ (stealth).
  5638 | D:5      | 5638 ||| Stepping ~*~*~tactically~*~*~ (stealth).
  5640 | D:5      | 5640 ||| Stepping ~*~*~tactically~*~*~ (stealth).
  5702 | D:5      | Noticed Blork the orc
  5703 | D:5      | 5703 ||| Stepping ~*~*~tactically~*~*~ (stealth).
  5705 | D:5      | 5705 ||| Stepping ~*~*~tactically~*~*~ (hiding).
  5706 | D:5      | 5706 ||| Stepping ~*~*~tactically~*~*~ (hiding).
  5707 | D:5      | 5707 ||| Waiting for ranged monster.
  5708 | D:5      | 5708 ||| Stepping ~*~*~tactically~*~*~ (hiding).
  5709 | D:5      | 5709 ||| Waiting for ranged monster.
  5710 | D:5      | 5710 ||| Waiting for ranged monster.
  5715 | D:5      | Killed Blork the orc
  5716 | D:5      | 5716 ||| Waiting for ranged monster.
  5717 | D:5      | 5717 ||| Waiting for ranged monster.
  6116 | D:5      | 6116 ||| READING 2 scrolls of identify.
  6116 | D:5      | 6116 ||| IDENTIFYING small granite ring
  6117 | D:5      | 6117 ||| DROPPING ring of see invisible.
  6153 | D:6      | Noticed Duvessa
  6154 | D:6      | 6154 ||| Stepping ~*~*~tactically~*~*~ (stealth).
  6156 | D:6      | 6156 ||| Stepping ~*~*~tactically~*~*~ (stealth).
  6269 | D:6      | 6269 ||| Stepping ~*~*~tactically~*~*~ (stealth).
  6272 | D:6      | 6272 ||| Stepping ~*~*~tactically~*~*~ (stealth).
  6274 | D:6      | 6274 ||| Stepping ~*~*~tactically~*~*~ (stealth).
  6276 | D:6      | 6276 ||| Stepping ~*~*~tactically~*~*~ (stealth).
  6278 | D:6      | 6278 ||| Stepping ~*~*~tactically~*~*~ (stealth).
  6280 | D:6      | 6280 ||| INVOKING Berserk.
  6285 | D:6      | Reached skill level 9 in Unarmed Combat
  6339 | D:6      | Noticed Dowan
  6340 | D:6      | 6340 ||| Stepping ~*~*~tactically~*~*~ (hiding).
  6341 | D:6      | 6341 ||| Waiting for ranged monster.
  6342 | D:6      | 6342 ||| Waiting for ranged monster.
  6343 | D:6      | 6343 ||| Waiting for ranged monster.
  6344 | D:6      | 6344 ||| Waiting for ranged monster.
  6352 | D:6      | Killed Duvessa
  6361 | D:6      | Killed Dowan
  6416 | D:6      | 6416 ||| Stepping ~*~*~tactically~*~*~ (stealth).
  6418 | D:6      | 6418 ||| Stepping ~*~*~tactically~*~*~ (stealth).
  6420 | D:6      | 6420 ||| Stepping ~*~*~tactically~*~*~ (stealth).
  6422 | D:6      | 6422 ||| Stepping ~*~*~tactically~*~*~ (stealth).
  6424 | D:6      | 6424 ||| Stepping ~*~*~tactically~*~*~ (stealth).
  6426 | D:6      | Found a staircase to the Ecumenical Temple.
  6429 | D:6      | 6429 ||| INVOKING Berserk.
  6526 | D:6      | 6526 ||| Stepping ~*~*~tactically~*~*~ (stealth).
  6528 | D:6      | 6528 ||| Stepping ~*~*~tactically~*~*~ (stealth).
  6535 | D:6      | 6535 ||| Stepping ~*~*~tactically~*~*~ (stealth).
  6547 | D:6      | 6547 ||| Stepping ~*~*~tactically~*~*~ (stealth).
  6548 | D:6      | 6548 ||| Stepping ~*~*~tactically~*~*~ (stealth).
  6639 | D:6      | Found a sand-covered staircase.
  6640 | D:6      | 6640 ||| Found Ossuary.
  6647 | Ossuary  | Entered an ossuary
  6648 | Ossuary  | 6648 ||| Entered Ossuary.
  6650 | Ossuary  | 6650 ||| Stepping ~*~*~tactically~*~*~ (stealth).
  6670 | Ossuary  | 6670 ||| Stepping ~*~*~tactically~*~*~ (stealth).
  6685 | Ossuary  | 6685 ||| Stepping ~*~*~tactically~*~*~ (stealth).
  6687 | Ossuary  | 6687 ||| Stepping ~*~*~tactically~*~*~ (stealth).
  6688 | Ossuary  | 6688 ||| Stepping ~*~*~tactically~*~*~ (stealth).
  6689 | Ossuary  | 6689 ||| Stepping ~*~*~tactically~*~*~ (stealth).
  6691 | Ossuary  | 6691 ||| Stepping ~*~*~tactically~*~*~ (stealth).
  6741 | Ossuary  | 6741 ||| Stepping ~*~*~tactically~*~*~ (stealth).
  6756 | Ossuary  | 6756 ||| Stepping ~*~*~tactically~*~*~ (stealth).
  6770 | Ossuary  | 6770 ||| Stepping ~*~*~tactically~*~*~ (stealth).
  6779 | Ossuary  | Reached **** piety under Trog
  6795 | Ossuary  | 6795 ||| Stepping ~*~*~tactically~*~*~ (outnumbered).
  6797 | Ossuary  | 6797 ||| Stepping ~*~*~tactically~*~*~ (outnumbered).
  6799 | Ossuary  | 6799 ||| Stepping ~*~*~tactically~*~*~ (outnumbered).
  6801 | Ossuary  | 6801 ||| Stepping ~*~*~tactically~*~*~ (outnumbered).
  6803 | Ossuary  | 6803 ||| Stepping ~*~*~tactically~*~*~ (outnumbered).
  6805 | Ossuary  | 6805 ||| Stepping ~*~*~tactically~*~*~ (outnumbered).
  6820 | Ossuary  | 6820 ||| Stepping ~*~*~tactically~*~*~ (stealth).
  6822 | Ossuary  | 6822 ||| Stepping ~*~*~tactically~*~*~ (stealth).
  6844 | Ossuary  | 6844 ||| Stepping ~*~*~tactically~*~*~ (stealth).
  6919 | Ossuary  | 6919 ||| Stepping ~*~*~tactically~*~*~ (stealth).
  7004 | Ossuary  | 7004 ||| Stepping ~*~*~tactically~*~*~ (stealth).
  7006 | Ossuary  | 7006 ||| Stepping ~*~*~tactically~*~*~ (stealth).
  7008 | Ossuary  | 7008 ||| Stepping ~*~*~tactically~*~*~ (stealth).
  7010 | Ossuary  | 7010 ||| Stepping ~*~*~tactically~*~*~ (stealth).
  7070 | Ossuary  | 7070 ||| READING scroll labeled ZEEXYN IJA.
  7071 | Ossuary  | 7071 ||| READING scroll labeled RALEVI SUSY.
  7072 | Ossuary  | 7072 ||| DRINKING 2 dark potions.
  7073 | Ossuary  | 7073 ||| DRINKING 2 grey potions.
  7074 | Ossuary  | 7074 ||| DRINKING 3 cyan potions.
  7115 | Ossuary  | 7115 ||| READING 2 scrolls of identify.
  7115 | Ossuary  | 7115 ||| IDENTIFYING glowing green potion
  7116 | Ossuary  | 7116 ||| DROPPING potion of degeneration.
  7117 | Ossuary  | 7117 ||| DROPPING 2 potions of berserk rage.
  7158 | D:6      | 7158 ||| Stepping ~*~*~tactically~*~*~ (stealth).
  7174 | D:6      | Reached skill level 9 in Dodging
  7221 | D:6      | 7221 ||| Stepping ~*~*~tactically~*~*~ (stealth).
  7223 | D:6      | 7223 ||| Stepping ~*~*~tactically~*~*~ (stealth).
  7225 | D:6      | 7225 ||| Stepping ~*~*~tactically~*~*~ (stealth).
  7227 | D:6      | 7227 ||| Stepping ~*~*~tactically~*~*~ (stealth).
  7229 | D:6      | 7229 ||| Stepping ~*~*~tactically~*~*~ (stealth).
  7235 | D:6      | 7235 ||| INVOKING Berserk.
  7293 | D:6      | 7293 ||| Stepping ~*~*~tactically~*~*~ (stealth).
  7295 | D:6      | 7295 ||| Stepping ~*~*~tactically~*~*~ (stealth).
  7387 | D:6      | 7387 ||| Stepping ~*~*~tactically~*~*~ (stealth).
  7428 | D:6      | 7428 ||| Stepping ~*~*~tactically~*~*~ (stealth).
  7430 | D:6      | 7430 ||| Stepping ~*~*~tactically~*~*~ (stealth).
  7432 | D:6      | 7432 ||| Stepping ~*~*~tactically~*~*~ (stealth).
  7437 | D:6      | 7437 ||| INVOKING Berserk.
  7441 | D:6      | Reached XP level 9. HP: 40/40 MP: 10/10
  7496 | D:6      | 7496 ||| Stepping ~*~*~tactically~*~*~ (stealth).
  7498 | D:6      | 7498 ||| Stepping ~*~*~tactically~*~*~ (stealth).
  7503 | D:6      | 7503 ||| Stepping ~*~*~tactically~*~*~ (stealth).
  7730 | D:6      | Found a stormy altar of Qazlal.
  7731 | D:6      | 7731 ||| Stepping ~*~*~tactically~*~*~ (stealth).
  7800 | D:6      | Found a hide-covered altar of Uskayaw.
  7851 | D:6      | 7851 ||| READING 2 scrolls of identify.
  7851 | D:6      | 7851 ||| IDENTIFYING green potion
  7878 | D:7      | 7878 ||| INVOKING Berserk.
  7880 | D:7      | Reached skill level 10 in Unarmed Combat
  7903 | D:7      | 7903 ||| Stepping ~*~*~tactically~*~*~ (stealth).
  7904 | D:7      | 7904 ||| READING scroll of teleportation.
  8070 | D:7      | 8070 ||| Stepping ~*~*~tactically~*~*~ (hiding).
  8071 | D:7      | 8071 ||| Waiting for ranged monster.
  8072 | D:7      | 8072 ||| Waiting for ranged monster.
  8083 | D:7      | Reached skill level 6 in Fighting
  8086 | D:7      | 8086 ||| Stepping ~*~*~tactically~*~*~ (stealth).
  8087 | D:7      | 8087 ||| Stepping ~*~*~tactically~*~*~ (stealth).
  8099 | D:7      | 8099 ||| Stepping ~*~*~tactically~*~*~ (stealth).
  8101 | D:7      | 8101 ||| Stepping ~*~*~tactically~*~*~ (stealth).
  8102 | D:7      | 8102 ||| Stepping ~*~*~tactically~*~*~ (stealth).
  8103 | D:7      | 8103 ||| Stepping ~*~*~tactically~*~*~ (stealth).
  8104 | D:7      | 8104 ||| Stepping ~*~*~tactically~*~*~ (stealth).
  8105 | D:7      | 8105 ||| Stepping ~*~*~tactically~*~*~ (stealth).
  8106 | D:7      | 8106 ||| Stepping ~*~*~tactically~*~*~ (stealth).
  8148 | D:7      | 8148 ||| Stepping ~*~*~tactically~*~*~ (stealth).
  8149 | D:7      | 8149 ||| Stepping ~*~*~tactically~*~*~ (stealth).
  8150 | D:7      | 8150 ||| Stepping ~*~*~tactically~*~*~ (hiding).
  8151 | D:7      | 8151 ||| Stepping ~*~*~tactically~*~*~ (hiding).
  8156 | D:7      | 8156 ||| Stepping ~*~*~tactically~*~*~ (outnumbered).
  8157 | D:7      | 8157 ||| Stepping ~*~*~tactically~*~*~ (outnumbered).
  8164 | D:7      | 8164 ||| Stepping ~*~*~tactically~*~*~ (outnumbered).
  8165 | D:7      | 8165 ||| Stepping ~*~*~tactically~*~*~ (outnumbered).
  8167 | D:7      | 8167 ||| Stepping ~*~*~tactically~*~*~ (outnumbered).
  8174 | D:7      | 8174 ||| Stepping ~*~*~tactically~*~*~ (outnumbered).
  8175 | D:7      | 8175 ||| Stepping ~*~*~tactically~*~*~ (outnumbered).
  8179 | D:7      | 8179 ||| Stepping ~*~*~tactically~*~*~ (outnumbered).
  8181 | D:7      | 8181 ||| Stepping ~*~*~tactically~*~*~ (outnumbered).
  8182 | D:7      | 8182 ||| Stepping ~*~*~tactically~*~*~ (outnumbered).
  8298 | D:7      | 8298 ||| Stepping ~*~*~tactically~*~*~ (stealth).
  8300 | D:7      | 8300 ||| Stepping ~*~*~tactically~*~*~ (stealth).
  8302 | D:7      | 8302 ||| Stepping ~*~*~tactically~*~*~ (stealth).
  8390 | D:7      | 8390 ||| Stepping ~*~*~tactically~*~*~ (stealth).
  8390 | D:7      | Noticed Pikel
  8391 | D:7      | 8391 ||| Stepping ~*~*~tactically~*~*~ (stealth).
  8394 | D:7      | 8394 ||| Stepping ~*~*~tactically~*~*~ (stealth).
  8435 | D:7      | 8435 ||| INVOKING Berserk.
  8447 | D:7      | Killed Pikel
  8447 | D:7      | Reached skill level 11 in Unarmed Combat
  8636 | D:7      | 8636 ||| Stepping ~*~*~tactically~*~*~ (stealth).
  8637 | D:7      | 8637 ||| Stepping ~*~*~tactically~*~*~ (stealth).
  8639 | D:7      | 8639 ||| Stepping ~*~*~tactically~*~*~ (stealth).
  8640 | D:7      | 8640 ||| Stepping ~*~*~tactically~*~*~ (stealth).
  8643 | D:7      | 8643 ||| Stepping ~*~*~tactically~*~*~ (stealth).
  8647 | D:7      | 8647 ||| Stepping ~*~*~tactically~*~*~ (stealth).
  8887 | D:7      | 8887 ||| Stepping ~*~*~tactically~*~*~ (stealth).
  8889 | D:7      | 8889 ||| Stepping ~*~*~tactically~*~*~ (stealth).
  8943 | D:7      | 8943 ||| READING scroll labeled ZEOXIEPAURR.
  8944 | D:7      | 8944 ||| READING 2 scrolls of identify.
  8944 | D:7      | 8944 ||| IDENTIFYING black potion
  9014 | D:8      | 9014 ||| Stepping ~*~*~tactically~*~*~ (stealth).
  9016 | D:8      | 9016 ||| Stepping ~*~*~tactically~*~*~ (stealth).
  9018 | D:8      | 9018 ||| Stepping ~*~*~tactically~*~*~ (stealth).
  9020 | D:8      | 9020 ||| Stepping ~*~*~tactically~*~*~ (stealth).
  9022 | D:8      | 9022 ||| Stepping ~*~*~tactically~*~*~ (stealth).
  9024 | D:8      | 9024 ||| Stepping ~*~*~tactically~*~*~ (stealth).
  9026 | D:8      | 9026 ||| Stepping ~*~*~tactically~*~*~ (stealth).
  9028 | D:8      | 9028 ||| Stepping ~*~*~tactically~*~*~ (stealth).
  9030 | D:8      | 9030 ||| Stepping ~*~*~tactically~*~*~ (stealth).
  9054 | D:8      | 9054 ||| Stepping ~*~*~tactically~*~*~ (stealth).
  9061 | D:8      | You fall into a shaft and drop 3 floors!
  9062 | D:11     | 9062 ||| Shafted from D:8 to D:11.
  9076 | D:11     | Found Fytuo's Jewellery Shop.
  9086 | D:10     | Entered Level 10 of the Dungeon
  9090 | D:10     | 9090 ||| INVOKING Berserk.
  9155 | D:10     | 9155 ||| Stepping ~*~*~tactically~*~*~ (stealth).
  9161 | D:10     | Reached ***** piety under Trog
  9166 | D:10     | 9166 ||| INVOKING Berserk.
  9202 | D:10     | 9202 ||| Stepping ~*~*~tactically~*~*~ (stealth).
  9207 | D:10     | 9207 ||| INVOKING Brothers in Arms.
  9208 | D:10     | 9208 ||| INVOKING Brothers in Arms.
  9209 | D:10     | 9209 ||| Stepping ~*~*~tactically~*~*~ (outnumbered).
  9210 | D:10     | 9210 ||| Stepping ~*~*~tactically~*~*~ (outnumbered).
  9212 | D:10     | 9212 ||| Stepping ~*~*~tactically~*~*~ (outnumbered).
  9212 | D:10     | Noticed a gargoyle
  9227 | D:10     | HP: 9/42 [gargoyle/+0 mace (9)]
  9228 | D:10     | 9228 ||| DRINKING 4 potions of heal wounds.
  9230 | D:10     | 9230 ||| INVOKING Berserk.
  9231 | D:10     | Killed from afar by a gargoyle
  9232 | D:10     | Reached XP level 8. HP: -6/58 MP: 9/9
  9247 | D:10     | 9247 ||| Stepping ~*~*~tactically~*~*~ (hiding).
  9248 | D:10     | 9248 ||| Stepping ~*~*~tactically~*~*~ (hiding).
  9254 | D:10     | 9254 ||| Stepping ~*~*~tactically~*~*~ (water).
  9255 | D:10     | HP: 3/39 [gargoyle/stone arrow (23)]
  9256 | D:10     | 9256 ||| DRINKING 3 potions of heal wounds.
  9258 | D:10     | 9258 ||| INVOKING Berserk.
  9260 | D:10     | HP: 8/58 [bullfrog (8)]
  9261 | D:10     | Killed a gargoyle
  9261 | D:10     | Reached XP level 9. HP: 9/43 MP: 10/10
  9561 | D:9      | 9561 ||| Stepping ~*~*~tactically~*~*~ (stealth).
  9563 | D:9      | 9563 ||| Stepping ~*~*~tactically~*~*~ (stealth).
  9565 | D:9      | 9565 ||| Stepping ~*~*~tactically~*~*~ (stealth).
  9567 | D:9      | 9567 ||| Stepping ~*~*~tactically~*~*~ (stealth).
  9569 | D:9      | 9569 ||| Stepping ~*~*~tactically~*~*~ (stealth).
  9571 | D:9      | 9571 ||| Stepping ~*~*~tactically~*~*~ (stealth).
  9573 | D:9      | 9573 ||| Stepping ~*~*~tactically~*~*~ (stealth).
  9575 | D:9      | 9575 ||| Stepping ~*~*~tactically~*~*~ (stealth).
  9577 | D:9      | 9577 ||| Stepping ~*~*~tactically~*~*~ (stealth).
  9579 | D:9      | 9579 ||| Stepping ~*~*~tactically~*~*~ (stealth).
  9581 | D:9      | 9581 ||| Stepping ~*~*~tactically~*~*~ (stealth).
  9584 | D:9      | 9584 ||| INVOKING Berserk.
  9650 | D:8      | 9650 ||| Successfully unshafted to D:8.
  9661 | D:8      | 9661 ||| Stepping ~*~*~tactically~*~*~ (stealth).
  9663 | D:8      | 9663 ||| Stepping ~*~*~tactically~*~*~ (stealth).
  9665 | D:8      | 9665 ||| Stepping ~*~*~tactically~*~*~ (stealth).
  9667 | D:8      | 9667 ||| Stepping ~*~*~tactically~*~*~ (stealth).
  9669 | D:8      | 9669 ||| Stepping ~*~*~tactically~*~*~ (stealth).
  9671 | D:8      | 9671 ||| Stepping ~*~*~tactically~*~*~ (stealth).
  9673 | D:8      | 9673 ||| Stepping ~*~*~tactically~*~*~ (stealth).
  9675 | D:8      | 9675 ||| Stepping ~*~*~tactically~*~*~ (stealth).
  9677 | D:8      | 9677 ||| Stepping ~*~*~tactically~*~*~ (stealth).
  9679 | D:8      | 9679 ||| Stepping ~*~*~tactically~*~*~ (stealth).
  9681 | D:8      | 9681 ||| Stepping ~*~*~tactically~*~*~ (stealth).
  9683 | D:8      | 9683 ||| Stepping ~*~*~tactically~*~*~ (stealth).
  9685 | D:8      | 9685 ||| Stepping ~*~*~tactically~*~*~ (stealth).
  9687 | D:8      | 9687 ||| Stepping ~*~*~tactically~*~*~ (stealth).
  9883 | D:8      | 9883 ||| Stepping ~*~*~tactically~*~*~ (stealth).
  9885 | D:8      | 9885 ||| Stepping ~*~*~tactically~*~*~ (stealth).
  9887 | D:8      | 9887 ||| Stepping ~*~*~tactically~*~*~ (stealth).
  9889 | D:8      | 9889 ||| Stepping ~*~*~tactically~*~*~ (stealth).
  9897 | D:8      | 9897 ||| FLEEEEING.
  9898 | D:8      | 9898 ||| FLEEEEING.
  9899 | D:8      | 9899 ||| FLEEEEING.
  9900 | D:8      | 9900 ||| FLEEEEING.
  9901 | D:8      | 9901 ||| FLEEEEING.
  9902 | D:8      | 9902 ||| FLEEEEING.
  9903 | D:8      | 9903 ||| FLEEEEING.
  9904 | D:8      | 9904 ||| FLEEEEING.
  9905 | D:8      | 9905 ||| FLEEEEING.
  9906 | D:8      | 9906 ||| FLEEEEING.
  9907 | D:8      | 9907 ||| FLEEEEING.
  9908 | D:8      | 9908 ||| STILL FLEEEEING.
  9909 | D:8      | 9909 ||| STILL FLEEEEING.
  9910 | D:8      | 9910 ||| STILL FLEEEEING.
  9911 | D:8      | 9911 ||| FLEEEEING.
  9912 | D:8      | 9912 ||| FLEEEEING.
  9913 | D:8      | 9913 ||| FLEEEEING.
  9914 | D:8      | 9914 ||| FLEEEEING.
  9915 | D:8      | 9915 ||| FLEEEEING.
  9916 | D:8      | 9916 ||| FLEEEEING.
  9917 | D:8      | 9917 ||| STILL FLEEEEING.
  9918 | D:8      | 9918 ||| STILL FLEEEEING.
  9919 | D:8      | 9919 ||| STILL FLEEEEING.
  9920 | D:8      | 9920 ||| STILL FLEEEEING.
  9921 | D:8      | 9921 ||| STILL FLEEEEING.
  9922 | D:8      | 9922 ||| STILL FLEEEEING.
  9923 | D:8      | 9923 ||| STILL FLEEEEING.
  9924 | D:8      | 9924 ||| STILL FLEEEEING.
  9925 | D:8      | 9925 ||| STILL FLEEEEING.
 10141 | D:8      | 10141 ||| Stepping ~*~*~tactically~*~*~ (stealth).
 10144 | D:8      | 10144 ||| Stepping ~*~*~tactically~*~*~ (stealth).
 10185 | D:8      | 10185 ||| Stepping ~*~*~tactically~*~*~ (stealth).
 10187 | D:8      | 10187 ||| Stepping ~*~*~tactically~*~*~ (stealth).
 10189 | D:8      | 10189 ||| Stepping ~*~*~tactically~*~*~ (stealth).
 10191 | D:8      | 10191 ||| Stepping ~*~*~tactically~*~*~ (stealth).
 10236 | D:8      | 10236 ||| Stepping ~*~*~tactically~*~*~ (stealth).
 10246 | D:8      | 10246 ||| Stepping ~*~*~tactically~*~*~ (stealth).
 10248 | D:8      | 10248 ||| Stepping ~*~*~tactically~*~*~ (stealth).
 10251 | D:8      | 10251 ||| INVOKING Berserk.
 10315 | D:8      | 10315 ||| Stepping ~*~*~tactically~*~*~ (stealth).
 10317 | D:8      | 10317 ||| Stepping ~*~*~tactically~*~*~ (stealth).
 10319 | D:8      | 10319 ||| Stepping ~*~*~tactically~*~*~ (stealth).
 10321 | D:8      | 10321 ||| Stepping ~*~*~tactically~*~*~ (stealth).
 10323 | D:8      | 10323 ||| Stepping ~*~*~tactically~*~*~ (stealth).
 10325 | D:8      | 10325 ||| Stepping ~*~*~tactically~*~*~ (stealth).
 10327 | D:8      | 10327 ||| Stepping ~*~*~tactically~*~*~ (stealth).
 10329 | D:8      | 10329 ||| Stepping ~*~*~tactically~*~*~ (stealth).
 10331 | D:8      | 10331 ||| Stepping ~*~*~tactically~*~*~ (stealth).
 10333 | D:8      | 10333 ||| Stepping ~*~*~tactically~*~*~ (stealth).
 10335 | D:8      | 10335 ||| Stepping ~*~*~tactically~*~*~ (stealth).
 10337 | D:8      | 10337 ||| Stepping ~*~*~tactically~*~*~ (stealth).
 10339 | D:8      | 10339 ||| Stepping ~*~*~tactically~*~*~ (stealth).
 10341 | D:8      | 10341 ||| Stepping ~*~*~tactically~*~*~ (stealth).
 10343 | D:8      | 10343 ||| Stepping ~*~*~tactically~*~*~ (stealth).
 10345 | D:8      | 10345 ||| Stepping ~*~*~tactically~*~*~ (stealth).
 10347 | D:8      | 10347 ||| Stepping ~*~*~tactically~*~*~ (stealth).
 10349 | D:8      | 10349 ||| Stepping ~*~*~tactically~*~*~ (stealth).
 10351 | D:8      | 10351 ||| Stepping ~*~*~tactically~*~*~ (stealth).
 10353 | D:8      | 10353 ||| Stepping ~*~*~tactically~*~*~ (stealth).
 10359 | D:8      | 10359 ||| INVOKING Berserk.
 10464 | D:8      | 10464 ||| Stepping ~*~*~tactically~*~*~ (stealth).
 10475 | D:8      | 10475 ||| Stepping ~*~*~tactically~*~*~ (stealth).
 10477 | D:8      | 10477 ||| Stepping ~*~*~tactically~*~*~ (stealth).
 10479 | D:8      | 10479 ||| Stepping ~*~*~tactically~*~*~ (stealth).
 10481 | D:8      | 10481 ||| Stepping ~*~*~tactically~*~*~ (stealth).
 10483 | D:8      | 10483 ||| Stepping ~*~*~tactically~*~*~ (stealth).
 10485 | D:8      | 10485 ||| Stepping ~*~*~tactically~*~*~ (stealth).
 10503 | D:8      | 10503 ||| READING scroll labeled TIH YMUASU.
 10551 | D:9      | 10551 ||| Stepping ~*~*~tactically~*~*~ (hiding).
 10566 | D:9      | 10566 ||| Stepping ~*~*~tactically~*~*~ (outnumbered).
 10568 | D:9      | 10568 ||| Stepping ~*~*~tactically~*~*~ (outnumbered).
 10569 | D:9      | 10569 ||| Stepping ~*~*~tactically~*~*~ (outnumbered).
 10570 | D:9      | 10570 ||| Stepping ~*~*~tactically~*~*~ (outnumbered).
 10571 | D:9      | 10571 ||| Stepping ~*~*~tactically~*~*~ (outnumbered).
 10572 | D:9      | 10572 ||| Stepping ~*~*~tactically~*~*~ (hiding).
 10574 | D:9      | 10574 ||| Stepping ~*~*~tactically~*~*~ (hiding).
 10575 | D:9      | 10575 ||| Stepping ~*~*~tactically~*~*~ (hiding).
 10576 | D:9      | 10576 ||| Stepping ~*~*~tactically~*~*~ (hiding).
 10577 | D:9      | 10577 ||| Stepping ~*~*~tactically~*~*~ (hiding).
 10578 | D:9      | 10578 ||| Stepping ~*~*~tactically~*~*~ (hiding).
 10582 | D:9      | 10582 ||| Stepping ~*~*~tactically~*~*~ (hiding).
 10586 | D:9      | 10586 ||| Waiting for ranged monster.
 10589 | D:9      | 10589 ||| FLEEEEING.
 10590 | D:9      | 10590 ||| FLEEEEING.
 10591 | D:9      | 10591 ||| STILL FLEEEEING.
 10592 | D:9      | 10592 ||| STILL FLEEEEING.
 10593 | D:9      | 10593 ||| STILL FLEEEEING.
 10594 | D:9      | 10594 ||| STILL FLEEEEING.
 10595 | D:9      | 10595 ||| Stepping ~*~*~tactically~*~*~ (stealth).
 10596 | D:9      | 10596 ||| STILL FLEEEEING.
 10663 | D:9      | Noticed a troll
 10669 | D:9      | 10669 ||| INVOKING Berserk.
 10674 | D:9      | Killed a troll
 10803 | D:9      | 10803 ||| Stepping ~*~*~tactically~*~*~ (stealth).
 10805 | D:9      | 10805 ||| Stepping ~*~*~tactically~*~*~ (stealth).
 10807 | D:9      | 10807 ||| Stepping ~*~*~tactically~*~*~ (stealth).
 10809 | D:9      | 10809 ||| Stepping ~*~*~tactically~*~*~ (stealth).
 10811 | D:9      | 10811 ||| Stepping ~*~*~tactically~*~*~ (stealth).
 10840 | D:9      | 10840 ||| Stepping ~*~*~tactically~*~*~ (stealth).
 10842 | D:9      | 10842 ||| Stepping ~*~*~tactically~*~*~ (stealth).
 10844 | D:9      | 10844 ||| Stepping ~*~*~tactically~*~*~ (stealth).
 10846 | D:9      | 10846 ||| Stepping ~*~*~tactically~*~*~ (stealth).
 10973 | D:9      | Found a sparkling altar of Nemelex Xobeh.
 10973 | D:9      | Found an opulent altar of Gozag.
 10973 | D:9      | Found a blossoming altar of Fedhas.
 10986 | D:9      | 10986 ||| Stepping ~*~*~tactically~*~*~ (stealth).
 10989 | D:9      | 10989 ||| Stepping ~*~*~tactically~*~*~ (stealth).
 10994 | D:9      | 10994 ||| Stepping ~*~*~tactically~*~*~ (stealth).
 11015 | D:9      | 11015 ||| Stepping ~*~*~tactically~*~*~ (stealth).
 11016 | D:9      | 11016 ||| Stepping ~*~*~tactically~*~*~ (stealth).
 11017 | D:9      | 11017 ||| Stepping ~*~*~tactically~*~*~ (stealth).
 11033 | D:9      | 11033 ||| Stepping ~*~*~tactically~*~*~ (stealth).
 11055 | D:9      | Noticed Harold
 11056 | D:9      | 11056 ||| INVOKING Berserk.
 11061 | D:9      | Killed Harold
 11061 | D:9      | Reached skill level 12 in Unarmed Combat
 11061 | D:9      | Reached XP level 10. HP: 46/46 MP: 11/11
 11083 | D:9      | 11083 ||| Stepping ~*~*~tactically~*~*~ (stealth).
 11106 | D:9      | 11106 ||| Stepping ~*~*~tactically~*~*~ (stealth).
 11130 | D:9      | 11130 ||| Stepping ~*~*~tactically~*~*~ (stealth).
 11133 | D:9      | 11133 ||| Stepping ~*~*~tactically~*~*~ (stealth).
 11142 | D:9      | 11142 ||| Stepping ~*~*~tactically~*~*~ (stealth).
 11291 | D:9      | 11291 ||| Stepping ~*~*~tactically~*~*~ (stealth).
 11366 | D:9      | Noticed a two-headed ogre
 11367 | D:9      | 11367 ||| Stepping ~*~*~tactically~*~*~ (stealth).
 11369 | D:9      | 11369 ||| Stepping ~*~*~tactically~*~*~ (stealth).
 11371 | D:9      | 11371 ||| Stepping ~*~*~tactically~*~*~ (stealth).
 11373 | D:9      | 11373 ||| INVOKING Berserk.
 11376 | D:9      | Killed a two-headed ogre
 11390 | D:9      | 11390 ||| Stepping ~*~*~tactically~*~*~ (outnumbered).
 11391 | D:9      | 11391 ||| Stepping ~*~*~tactically~*~*~ (outnumbered).
 11392 | D:9      | 11392 ||| READING scroll of teleportation.
 11392 | D:9      | HP: 10/48 [killer bee (3)]
 11393 | D:9      | 11393 ||| DRINKING 2 potions of heal wounds.
 11394 | D:9      | 11394 ||| Stepping ~*~*~tactically~*~*~ (outnumbered).
 11402 | D:9      | HP: 12/49 [poisoned by a killer bee]
 11404 | D:9      | 11404 ||| DRINKING potion of heal wounds.
 11409 | D:9      | 11409 ||| INVOKING Brothers in Arms.
 11415 | D:9      | HP: 7/49 [orc/+0 short sword (6)]
 11415 | D:9      | Noticed a gargoyle
 11416 | D:9      | 11416 ||| Stepping ~*~*~tactically~*~*~ (outnumbered).
 11420 | D:9      | 11420 ||| INVOKING Brothers in Arms.
 11421 | D:9      | HP: 4/49 [killer bee (3)]
 11423 | D:9      | Slain by a killer bee
 11424 | D:9      | Reached XP level 9. HP: -4/45 MP: 10/10
 11472 | D:9      | 11472 ||| Stepping ~*~*~tactically~*~*~ (stealth).
 11474 | D:9      | 11474 ||| Stepping ~*~*~tactically~*~*~ (stealth).
 11475 | D:9      | 11475 ||| Stepping ~*~*~tactically~*~*~ (stealth).
 11477 | D:9      | 11477 ||| Stepping ~*~*~tactically~*~*~ (stealth).
 11479 | D:9      | 11479 ||| Stepping ~*~*~tactically~*~*~ (stealth).
 11481 | D:9      | 11481 ||| Stepping ~*~*~tactically~*~*~ (stealth).
 11483 | D:9      | 11483 ||| Stepping ~*~*~tactically~*~*~ (stealth).
 11485 | D:9      | 11485 ||| Stepping ~*~*~tactically~*~*~ (stealth).
 11494 | D:9      | 11494 ||| INVOKING Berserk.
 11498 | D:9      | Killed a gargoyle
 11506 | D:9      | HP: 14/67 [killer bee (4)]
 11513 | D:9      | HP: 12/67 [poisoned by a killer bee]
 11519 | D:9      | HP: 6/45 [poisoned by a killer bee]
 11524 | D:9      | HP: 5/45 [poisoned by a killer bee]
 11529 | D:9      | HP: 4/45 [poisoned by a killer bee]
 11573 | D:9      | 11573 ||| FLEEEEING.
 11574 | D:9      | 11574 ||| STILL FLEEEEING.
 11575 | D:9      | 11575 ||| STILL FLEEEEING.
 11576 | D:9      | 11576 ||| STILL FLEEEEING.
 11577 | D:9      | 11577 ||| STILL FLEEEEING.
 11578 | D:9      | 11578 ||| STILL FLEEEEING.
 11579 | D:9      | 11579 ||| STILL FLEEEEING.
 11580 | D:9      | 11580 ||| STILL FLEEEEING.
 11581 | D:9      | 11581 ||| STILL FLEEEEING.
 11582 | D:9      | 11582 ||| STILL FLEEEEING.
 11756 | D:9      | 11756 ||| FLEEEEING.
 11757 | D:9      | 11757 ||| STILL FLEEEEING.
 11758 | D:9      | 11758 ||| STILL FLEEEEING.
 11759 | D:9      | 11759 ||| STILL FLEEEEING.
 11760 | D:9      | 11760 ||| STILL FLEEEEING.
 11761 | D:9      | 11761 ||| STILL FLEEEEING.
 11762 | D:9      | 11762 ||| STILL FLEEEEING.
 11763 | D:9      | 11763 ||| STILL FLEEEEING.
 11764 | D:9      | 11764 ||| STILL FLEEEEING.
 11765 | D:9      | 11765 ||| STILL FLEEEEING.
 11869 | D:9      | 11869 ||| Stepping ~*~*~tactically~*~*~ (stealth).
 11871 | D:9      | 11871 ||| INVOKING Berserk.
 11906 | D:9      | 11906 ||| FLEEEEING.
 11907 | D:9      | 11907 ||| FLEEEEING.
 11908 | D:9      | 11908 ||| FLEEEEING.
 11909 | D:9      | 11909 ||| FLEEEEING.
 11910 | D:9      | 11910 ||| FLEEEEING.
 11911 | D:9      | 11911 ||| FLEEEEING.
 11912 | D:9      | 11912 ||| FLEEEEING.
 11913 | D:9      | 11913 ||| FLEEEEING.
 11914 | D:9      | 11914 ||| FLEEEEING.
 11915 | D:9      | 11915 ||| FLEEEEING.
 11916 | D:9      | 11916 ||| FLEEEEING.
 11917 | D:9      | 11917 ||| STILL FLEEEEING.
 11918 | D:9      | 11918 ||| STILL FLEEEEING.
 11919 | D:9      | 11919 ||| STILL FLEEEEING.
 11959 | D:9      | 11959 ||| Stepping ~*~*~tactically~*~*~ (stealth).
 11962 | D:9      | Found a staircase to the Orcish Mines.
 12036 | D:9      | 12036 ||| Stepping ~*~*~tactically~*~*~ (stealth).
 12038 | D:9      | 12038 ||| Stepping ~*~*~tactically~*~*~ (stealth).
 12159 | D:9      | 12159 ||| READING scroll labeled FOH TIAMETREAR.
 12215 | D:10     | 12215 ||| Stepping ~*~*~tactically~*~*~ (stealth).
 12217 | D:10     | 12217 ||| Stepping ~*~*~tactically~*~*~ (stealth).
 12300 | D:10     | 12300 ||| Stepping ~*~*~tactically~*~*~ (stealth).
 12303 | D:10     | 12303 ||| Stepping ~*~*~tactically~*~*~ (hiding).
 12356 | D:10     | 12356 ||| Stepping ~*~*~tactically~*~*~ (stealth).
 12358 | D:10     | 12358 ||| Stepping ~*~*~tactically~*~*~ (stealth).
 12361 | D:10     | 12361 ||| Stepping ~*~*~tactically~*~*~ (stealth).
 12481 | D:10     | 12481 ||| Stepping ~*~*~tactically~*~*~ (stealth).
 12514 | D:10     | 12514 ||| Stepping ~*~*~tactically~*~*~ (stealth).
 12516 | D:10     | 12516 ||| Stepping ~*~*~tactically~*~*~ (stealth).
 12518 | D:10     | 12518 ||| Stepping ~*~*~tactically~*~*~ (stealth).
 12520 | D:10     | 12520 ||| Stepping ~*~*~tactically~*~*~ (stealth).
 12522 | D:10     | 12522 ||| Stepping ~*~*~tactically~*~*~ (stealth).
 12524 | D:10     | 12524 ||| Stepping ~*~*~tactically~*~*~ (stealth).
 12526 | D:10     | 12526 ||| Stepping ~*~*~tactically~*~*~ (stealth).
 12528 | D:10     | 12528 ||| Stepping ~*~*~tactically~*~*~ (stealth).
 12530 | D:10     | 12530 ||| Stepping ~*~*~tactically~*~*~ (stealth).
 12532 | D:10     | 12532 ||| Stepping ~*~*~tactically~*~*~ (stealth).
 12534 | D:10     | 12534 ||| Stepping ~*~*~tactically~*~*~ (stealth).
 12539 | D:10     | 12539 ||| INVOKING Berserk.
 12595 | D:10     | 12595 ||| Stepping ~*~*~tactically~*~*~ (stealth).
 12597 | D:10     | 12597 ||| Stepping ~*~*~tactically~*~*~ (stealth).
 12599 | D:10     | 12599 ||| Stepping ~*~*~tactically~*~*~ (stealth).
 12601 | D:10     | 12601 ||| Stepping ~*~*~tactically~*~*~ (stealth).
 12603 | D:10     | 12603 ||| Stepping ~*~*~tactically~*~*~ (stealth).
 12659 | D:10     | 12659 ||| Stepping ~*~*~tactically~*~*~ (stealth).
 12661 | D:10     | 12661 ||| Stepping ~*~*~tactically~*~*~ (stealth).
 12663 | D:10     | 12663 ||| Stepping ~*~*~tactically~*~*~ (stealth).
 12664 | D:10     | 12664 ||| Stepping ~*~*~tactically~*~*~ (stealth).
 12666 | D:10     | 12666 ||| Stepping ~*~*~tactically~*~*~ (stealth).
 12667 | D:10     | 12667 ||| Stepping ~*~*~tactically~*~*~ (stealth).
 12672 | D:10     | Reached XP level 10. HP: 49/49 MP: 11/11
 12806 | D:10     | Found a staircase to the Lair.
 12807 | D:10     | 12807 ||| Stepping ~*~*~tactically~*~*~ (stealth).
 12809 | D:10     | 12809 ||| Stepping ~*~*~tactically~*~*~ (hiding).
 12812 | D:10     | 12812 ||| INVOKING Berserk.
 12815 | D:10     | HP: 16/73 [orc warrior/+0 halberd (17)]
 12821 | D:10     | Reached skill level 13 in Unarmed Combat
 12822 | D:10     | HP: 5/73 [orc priest/nerve-wracking pain (12)]
 12827 | D:10     | Killed from afar by an orc priest
 12828 | D:10     | Reached XP level 9. HP: -8/67 MP: 10/10
 12857 | D:10     | 12857 ||| Stepping ~*~*~tactically~*~*~ (hiding).
 12858 | D:10     | 12858 ||| Stepping ~*~*~tactically~*~*~ (hiding).
 12859 | D:10     | 12859 ||| Waiting for ranged monster.
 12860 | D:10     | 12860 ||| Stepping ~*~*~tactically~*~*~ (hiding).
 12864 | D:10     | 12864 ||| Waiting for ranged monster.
 12865 | D:10     | 12865 ||| Waiting for ranged monster.
 12866 | D:10     | 12866 ||| Waiting for ranged monster.
 12882 | D:10     | 12882 ||| INVOKING Berserk.
 12906 | D:10     | 12906 ||| Stepping ~*~*~tactically~*~*~ (stealth).
 13159 | D:10     | 13159 ||| Stepping ~*~*~tactically~*~*~ (stealth).
 13161 | D:10     | 13161 ||| Stepping ~*~*~tactically~*~*~ (stealth).
 13163 | D:10     | 13163 ||| Stepping ~*~*~tactically~*~*~ (stealth).
 13350 | D:10     | 13350 ||| READING scroll labeled CAFORASOSA.
 13351 | D:10     | 13351 ||| DRINKING 2 metallic blue potions.
 13355 | D:10     | 13355 ||| READING 3 scrolls of identify.
 13355 | D:10     | 13355 ||| IDENTIFYING emerald potion
 13356 | D:10     | 13356 ||| READING 2 scrolls of identify.
 13356 | D:10     | 13356 ||| IDENTIFYING viscous white potion
 13357 | D:10     | 13357 ||| DROPPING potion of ambrosia.
 13358 | D:10     | 13358 ||| DROPPING potion of invisibility.
 13359 | D:10     | 13359 ||| DROPPING potion of magic.
 13411 | Lair:1   | Entered Level 1 of the Lair of Beasts
 13412 | Lair:1   | 13412 ||| Entered L.
 13417 | Lair:1   | Noticed a spiny frog
 13418 | Lair:1   | 13418 ||| Stepping ~*~*~tactically~*~*~ (stealth).
 13422 | Lair:1   | 13422 ||| INVOKING Berserk.
 13426 | Lair:1   | Killed a spiny frog
 13528 | Lair:1   | 13528 ||| FLEEEEING.
 13530 | Lair:1   | 13530 ||| STILL FLEEEEING.
 13531 | Lair:1   | 13531 ||| Stepping ~*~*~tactically~*~*~ (water).
 13536 | Lair:1   | 13536 ||| INVOKING Berserk.
 13718 | Lair:1   | 13718 ||| Stepping ~*~*~tactically~*~*~ (stealth).
 13720 | Lair:1   | 13720 ||| Stepping ~*~*~tactically~*~*~ (stealth).
 13722 | Lair:1   | 13722 ||| Stepping ~*~*~tactically~*~*~ (stealth).
 13724 | Lair:1   | 13724 ||| Stepping ~*~*~tactically~*~*~ (stealth).
 13750 | Lair:1   | 13750 ||| Stepping ~*~*~tactically~*~*~ (stealth).
 13752 | Lair:1   | 13752 ||| Stepping ~*~*~tactically~*~*~ (stealth).
 13754 | Lair:1   | 13754 ||| Stepping ~*~*~tactically~*~*~ (stealth).
 13756 | Lair:1   | 13756 ||| Stepping ~*~*~tactically~*~*~ (stealth).
 13769 | Lair:1   | 13769 ||| Stepping ~*~*~tactically~*~*~ (stealth).
 13771 | Lair:1   | 13771 ||| Stepping ~*~*~tactically~*~*~ (stealth).
 13773 | Lair:1   | 13773 ||| Stepping ~*~*~tactically~*~*~ (stealth).
 13775 | Lair:1   | 13775 ||| Stepping ~*~*~tactically~*~*~ (stealth).
 13777 | Lair:1   | 13777 ||| Stepping ~*~*~tactically~*~*~ (stealth).
 13826 | Lair:1   | 13826 ||| Stepping ~*~*~tactically~*~*~ (stealth).
 13835 | Lair:1   | Reached skill level 12 in Dodging
 13863 | Lair:1   | Noticed a black mamba
 13864 | Lair:1   | 13864 ||| Stepping ~*~*~tactically~*~*~ (stealth).
 13866 | Lair:1   | 13866 ||| Stepping ~*~*~tactically~*~*~ (stealth).
 13868 | Lair:1   | 13868 ||| Stepping ~*~*~tactically~*~*~ (stealth).
 13870 | Lair:1   | 13870 ||| Stepping ~*~*~tactically~*~*~ (stealth).
 13872 | Lair:1   | 13872 ||| Stepping ~*~*~tactically~*~*~ (stealth).
 13874 | Lair:1   | 13874 ||| Stepping ~*~*~tactically~*~*~ (stealth).
 13878 | Lair:1   | 13878 ||| INVOKING Berserk.
 13880 | Lair:1   | Killed a black mamba
 13880 | Lair:1   | Reached skill level 9 in Fighting
 14321 | Lair:1   | 14321 ||| Stepping ~*~*~tactically~*~*~ (stealth).
 14322 | Lair:1   | 14322 ||| Stepping ~*~*~tactically~*~*~ (stealth).
 14324 | Lair:1   | Noticed Fannar
 14325 | Lair:1   | 14325 ||| Stepping ~*~*~tactically~*~*~ (stealth).
 14326 | Lair:1   | 14326 ||| Stepping ~*~*~tactically~*~*~ (stealth).
 14327 | Lair:1   | 14327 ||| Stepping ~*~*~tactically~*~*~ (stealth).
 14332 | Lair:1   | Reached XP level 10. HP: 49/49 MP: 11/11
 14341 | Lair:1   | HP: 2/49 [Fannar/refrigeration (24)]
 14342 | Lair:1   | 14342 ||| INVOKING Berserk.
 14346 | Lair:1   | Killed Fannar
 14746 | Lair:2   | Noticed a spiny frog
 14747 | Lair:2   | 14747 ||| Stepping ~*~*~tactically~*~*~ (stealth).
 14912 | Lair:2   | 14912 ||| Stepping ~*~*~tactically~*~*~ (stealth).
 14913 | Lair:2   | 14913 ||| Stepping ~*~*~tactically~*~*~ (stealth).
 14914 | Lair:2   | 14914 ||| Stepping ~*~*~tactically~*~*~ (stealth).
 14919 | Lair:2   | 14919 ||| INVOKING Berserk.
 14921 | Lair:2   | Killed a spiny frog
 14969 | Lair:2   | 14969 ||| INVOKING Berserk.
 15007 | Lair:2   | 15007 ||| Stepping ~*~*~tactically~*~*~ (stealth).
 15008 | Lair:2   | 15008 ||| Stepping ~*~*~tactically~*~*~ (stealth).
 15048 | Lair:2   | 15048 ||| Stepping ~*~*~tactically~*~*~ (stealth).
 15063 | Lair:2   | 15063 ||| Stepping ~*~*~tactically~*~*~ (stealth).
 15179 | Lair:2   | 15179 ||| Stepping ~*~*~tactically~*~*~ (stealth).
 15273 | Lair:2   | 15273 ||| Stepping ~*~*~tactically~*~*~ (stealth).
 15275 | Lair:2   | 15275 ||| Stepping ~*~*~tactically~*~*~ (stealth).
 15279 | Lair:2   | 15279 ||| Stepping ~*~*~tactically~*~*~ (stealth).
 15292 | Lair:2   | Reached skill level 14 in Unarmed Combat
 15389 | Lair:2   | 15389 ||| Stepping ~*~*~tactically~*~*~ (stealth).
 15390 | Lair:2   | 15390 ||| Stepping ~*~*~tactically~*~*~ (stealth).
 15407 | Lair:2   | 15407 ||| INVOKING Berserk.
 15563 | Lair:2   | 15563 ||| Stepping ~*~*~tactically~*~*~ (stealth).
 15579 | Lair:2   | 15579 ||| Stepping ~*~*~tactically~*~*~ (stealth).
 15585 | Lair:2   | 15585 ||| Stepping ~*~*~tactically~*~*~ (stealth).
 15618 | Lair:2   | 15618 ||| Stepping ~*~*~tactically~*~*~ (stealth).
 15678 | Lair:2   | 15678 ||| Stepping ~*~*~tactically~*~*~ (stealth).
 15680 | Lair:2   | 15680 ||| Stepping ~*~*~tactically~*~*~ (stealth).
 15682 | Lair:2   | 15682 ||| Stepping ~*~*~tactically~*~*~ (stealth).
 15684 | Lair:2   | 15684 ||| Stepping ~*~*~tactically~*~*~ (stealth).
 15686 | Lair:2   | 15686 ||| INVOKING Berserk.
 15843 | Lair:2   | 15843 ||| Stepping ~*~*~tactically~*~*~ (stealth).
 15845 | Lair:2   | 15845 ||| Stepping ~*~*~tactically~*~*~ (stealth).
 15847 | Lair:2   | 15847 ||| Stepping ~*~*~tactically~*~*~ (stealth).
 15849 | Lair:2   | 15849 ||| Stepping ~*~*~tactically~*~*~ (stealth).
 15935 | Lair:2   | 15935 ||| Stepping ~*~*~tactically~*~*~ (stealth).
 16325 | Lair:2   | 16325 ||| Stepping ~*~*~tactically~*~*~ (stealth).
 16328 | Lair:2   | 16328 ||| Stepping ~*~*~tactically~*~*~ (stealth).
 16330 | Lair:2   | 16330 ||| Stepping ~*~*~tactically~*~*~ (stealth).
 16354 | Lair:2   | 16354 ||| Stepping ~*~*~tactically~*~*~ (stealth).
 16355 | Lair:2   | 16355 ||| FLEEEEING.
 16356 | Lair:2   | 16356 ||| STILL FLEEEEING.
 16357 | Lair:2   | 16357 ||| STILL FLEEEEING.
 16358 | Lair:2   | 16358 ||| STILL FLEEEEING.
 16359 | Lair:2   | 16359 ||| STILL FLEEEEING.
 16477 | Lair:2   | 16477 ||| Stepping ~*~*~tactically~*~*~ (stealth).
 16479 | Lair:2   | 16479 ||| Stepping ~*~*~tactically~*~*~ (stealth).
 16481 | Lair:2   | 16481 ||| Stepping ~*~*~tactically~*~*~ (stealth).
 16483 | Lair:2   | 16483 ||| Stepping ~*~*~tactically~*~*~ (stealth).
 16485 | Lair:2   | 16485 ||| Stepping ~*~*~tactically~*~*~ (stealth).
 16487 | Lair:2   | 16487 ||| Stepping ~*~*~tactically~*~*~ (stealth).
 16489 | Lair:2   | 16489 ||| Stepping ~*~*~tactically~*~*~ (stealth).
 16491 | Lair:2   | 16491 ||| Stepping ~*~*~tactically~*~*~ (stealth).
 16493 | Lair:2   | 16493 ||| Stepping ~*~*~tactically~*~*~ (stealth).
 16518 | Lair:2   | 16518 ||| Stepping ~*~*~tactically~*~*~ (stealth).
 16520 | Lair:2   | 16520 ||| Stepping ~*~*~tactically~*~*~ (stealth).
 16522 | Lair:2   | 16522 ||| Stepping ~*~*~tactically~*~*~ (stealth).
 16524 | Lair:2   | 16524 ||| Stepping ~*~*~tactically~*~*~ (stealth).
 16526 | Lair:2   | 16526 ||| Stepping ~*~*~tactically~*~*~ (stealth).
 16528 | Lair:2   | 16528 ||| Stepping ~*~*~tactically~*~*~ (stealth).
 16530 | Lair:2   | Found a hole to the Spider Nest.
 16531 | Lair:2   | 16531 ||| Stepping ~*~*~tactically~*~*~ (stealth).
 16544 | Lair:2   | Reached XP level 11. HP: 53/53 MP: 12/12
 16561 | Lair:2   | 16561 ||| Stepping ~*~*~tactically~*~*~ (stealth).
 16568 | Lair:2   | 16568 ||| Stepping ~*~*~tactically~*~*~ (stealth).
 16590 | Lair:2   | 16590 ||| Stepping ~*~*~tactically~*~*~ (stealth).
 16815 | Lair:3   | 16815 ||| Stepping ~*~*~tactically~*~*~ (stealth).
 16817 | Lair:3   | 16817 ||| Stepping ~*~*~tactically~*~*~ (stealth).
 16820 | Lair:3   | 16820 ||| Stepping ~*~*~tactically~*~*~ (stealth).
 16826 | Lair:3   | 16826 ||| Stepping ~*~*~tactically~*~*~ (hiding).
 16827 | Lair:3   | 16827 ||| Stepping ~*~*~tactically~*~*~ (hiding).
 16828 | Lair:3   | 16828 ||| Stepping ~*~*~tactically~*~*~ (hiding).
 16829 | Lair:3   | 16829 ||| Stepping ~*~*~tactically~*~*~ (outnumbered).
 16843 | Lair:3   | 16843 ||| INVOKING Berserk.
 16843 | Lair:3   | HP: 19/79 [hippogriff (6)]
 16845 | Lair:3   | HP: 3/79 [yak (13)]
 16847 | Lair:3   | Slain by a hippogriff

Levels and vault maps discovered:
D:1:      doesnt_arrival_eight_statues, layout_basic, hangedman_feature_mirror
D:2:      layout_basic, first_ration, corexii_corridor_pit,
          uniq_crazy_yiuf_cottage, uniq_sigmund
D:3:      layout_loops_ring
D:4:      layout_basic, kennysheep_vampire_church, uniq_robin, uniq_ijyb,
          uniq_grinder, uniq_menkaure
D:5:      layout_layer_cave, uniq_prince_ribbit1, uniq_blork_the_orc
D:6:      layout_loops_ring, eat_drink_and_be_merry_uskayaw, lemuel_round_altar,
          minmay_temple_entry_gardened_gates, nicolae_ossuary_entry_monument,
          hangedman_minor_gate_pass, uniq_duvessa
D:7:      layout_cave_pools, uniq_pikel
D:8:      layout_basic
D:9:      layout_loops_corners, gammafunk_temple_overflow_claw, erik_orc_3,
          uniq_harold
D:10:     layout_cave_pools, erik_lair_orcish_takeover, serial_rivers,
          chequers_serial_rivers_large_a, chequers_serial_rivers_micro_d,
          chequers_serial_rivers_room_a, chequers_serial_rivers_micro_c
D:11:     layout_irregular_city, serial_shops, shop, serial_glass,
          glass_columns_a, glass_columns_b, uniq_josephine
Lair:1:   layout_misc_corridors, gauntlet_entry_generic,
          infiniplex_staircase_pool_2, uniq_fannar
Lair:2:   layout_layer_cave, nicolae_spider_entry_tight_spaces
Lair:3:   layout_cave_pods, skrybe_swamp_entry_bodies,
          minmay_lair_oklob_chamber, uniq_sonja

Skill      XL: |  1  2  3  4  5  6  7  8  9 10 |
---------------+-------------------------------+-----
Unarmed Combat | 4 6 7 8 9 12 14 | 14.4
Dodging        | 5 7 9 12 13 | 13.0
Fighting       | 4 7 9 8 |  9.1

Action                   |  1- 3 |  4- 6 |  7- 9 | 10-12 || total
-------------------------+-------+-------+-------+-------++-------
Melee: Unarmed           |    69 |   115 |   612 |   217 ||  1013
       Bite              |     6 |    10 |    67 |    25 ||   108
       Punch             |     1 |     6 |    39 |    15 ||    61
Invok: Berserk           |     4 |     5 |    24 |     8 ||    41
       Brothers in Arms  |       |       |     1 |     2 ||     3
  Use: Scroll            |     3 |     6 |    14 |     1 ||    24
       Potion            |       |     1 |     7 |     2 ||    10
 Stab: Sleeping          |       |       |     1 |       ||     1
       Distracted        |       |       |     2 |     2 ||     4
  Eat: Chunk             |    10 |    12 |    55 |     7 ||    84
Armor: Skin              |     3 |    12 |    13 |     4 ||    32
Dodge: Dodged            |    39 |    79 |   424 |   265 ||   807

Table legend:
 A = Non-vault XP
 B = Vault XP
 C = Vault XP percentage of total XP
 D = Non-vault monster count
 E = Vault monster count
 F = Vault count percentage of total count
                 A         B        C        D         E       F
            +---------+---------+-------+---------+---------+-------
      Total |   14325 |    7613 |  34.7 |     228 |      84 |  26.9
            +---------+---------+-------+---------+---------+-------
        D:1 |      48 |       3 |   5.9 |      22 |       2 |   8.3
        D:2 |      37 |     247 |  87.0 |      16 |       2 |  11.1
        D:3 |     127 |       0 |   0.0 |      21 |       0 |   0.0
        D:4 |     127 |     293 |  69.8 |       7 |      21 |  75.0
        D:5 |     383 |     360 |  48.5 |      13 |       2 |  13.3
        D:6 |    1075 |     339 |  24.0 |      20 |       5 |  20.0
        D:7 |     981 |     685 |  41.1 |      25 |       1 |   3.8
        D:8 |     760 |       0 |   0.0 |      12 |       0 |   0.0
        D:9 |    3191 |    1413 |  30.7 |      33 |      16 |  32.7
       D:10 |    2049 |     633 |  23.6 |      31 |       9 |  22.5
     Lair:1 |    2073 |     881 |  29.8 |      10 |       1 |   9.1
     Lair:2 |    2829 |    2605 |  47.9 |      15 |       9 |  37.5
     Lair:3 |     645 |       0 |   0.0 |       3 |       0 |   0.0
    Ossuary |       0 |     154 | 100.0 |       0 |      16 | 100.0
            +---------+---------+-------+---------+---------+-------
